 Dungeon Crawl Stone Soup version 0.26-a0-668-gd58323b419 (webtiles) character file.

Game seed: 9460494580160554181

1227 experimilk the Geomancer (level 8, -10/41 HPs)
             Began as a Gargoyle Earth Elementalist on Oct 4, 2020.
             Was an Initiate of Vehumet.
             Killed by divine providence
             ... invoked by an orc priest
              (11 damage)
             ... on level 6 of the Dungeon on Oct 19, 2020.
             The game lasted 00:34:23 (6634 turns).

experimilk the Geomancer (GrEE)                     Turns: 6634, Time: 00:34:24

Health: -10/41     AC: 10    Str:  7    XL:     8   Next: 48%
Magic:  2/15       EV: 11    Int: 19    God:    Vehumet [......]
Gold:   248        SH:  5    Dex: 10    Spells: 6/17 levels left

rFire    + . .     SeeInvis .   i - +2 whip (vamp)
rCold    . . .     Faith    .   (no shield)
rNeg     + . .     Spirit   .   d - +0 leather armour
rPois    ∞         Reflect  +   k - +0 helmet
rElec    +         Harm     .   o - +0 cloak
rCorr    .         Rampage  .   (no gloves)
MR       +++..                  (no boots)
Stlth    ++........             z - amulet of Fanaticism {Reflect +Inv rF+ MR+++ Str-4 SH+5}
HPRegen  0.13/turn              e - ring of flight
MPRegen  0.14/turn              (no ring)

@: berserk cooldown, slowed, very slow
A: negative energy resistance 1, electricity resistance, unbreathing,
petrification resistance, rot immunity, AC +5
a: Renounce Religion, Evoke Invisibility, Evoke Flight


You were on level 6 of the Dungeon.
You worshipped Vehumet.
Vehumet was noncommittal.
You visited 2 branches of the dungeon, and saw 7 of its levels.

You collected 248 gold pieces.

Inventory:

Hand Weapons
 f - a +0 dagger
 i - a +2 vampiric whip (weapon)
 w - a +2 vampiric glaive
Missiles
 b - 85 stones (quivered)
Armour
 c - a +0 robe
 d - a +0 leather armour (worn)
 k - a +0 helmet (worn)
 l - a +0 robe
 o - a +0 cloak (worn)
 u - the cursed +0 pair of gloves of the Shoals {rC- Regen+ Int+2 Dex+5}
   (You found it on level 5 of the Dungeon)

   It affects your intelligence (+2).
   It affects your dexterity (+5).
   It makes you vulnerable to cold.
   It increases your rate of regeneration.
   It has a curse placed upon it.
 x - a +0 robe
Jewellery
 e - a ring of flight (left hand)
 g - an uncursed ring of ice
 j - an uncursed amulet of the acrobat
 s - a +6 ring of dexterity {unknown}
 z - the amulet of Fanaticism (around neck) {Reflect +Inv rF+ MR+++ Str-4 SH+5}
   (You found it on level 6 of the Dungeon)

   [amulet of reflection]

   It shields you and reflects attacks.
   It affects your strength (-4).
   It protects you from fire.
   It affects your resistance to hostile enchantments.
   It lets you turn invisible.
   It affects your SH (+5).
Scrolls
 p - 2 scrolls of remove curse
 t - a scroll of teleportation
 v - a scroll of random uselessness {unknown}
 y - a scroll of fog {unknown}
Potions
 a - a potion of flight
 h - a potion of heal wounds {unknown}
 m - a potion of mutation {unknown}
 q - a potion of ambrosia
 r - a potion of curing {unknown}


   Skills:
 - Level 2.4 Maces & Flails
 - Level 1.5 Dodging
 - Level 2.1 Stealth
 + Level 5.3 Spellcasting
 - Level 3.0 Conjurations
 - Level 2.0 Transmutations
 - Level 9.0 Earth Magic


You had 6 spell levels left.
You knew the following spells:

 Your Spells              Type           Power        Failure   Level
a - Sandblast             Erth           #####.       1%          1
b - Passwall              Tmut/Erth      ####....     3%          2
c - Stone Arrow           Conj/Erth      ####..       4%          3
d - Lee's Rapid Deconstr  Erth           #####.....   13%         5

Your spell library contained the following spells:

 Spells                   Type           Power        Failure   Level
 Petrify                  Tmut/Erth      ####....     19%         4
 Haunt                    Necr/Summ      #.........   100%        7
 Borgnjor's Revivificati  Necr           #.........   100%        8
 Infestation              Necr           #.........   100%        8
 Necromutation            Tmut/Necr      #.........   100%        8
 Death's Door             Necr           #.........   100%        9


Dungeon Overview and Level Annotations

Branches:
Dungeon (6/15)             Temple (1/1) D:5

Altars:
Ashenzari
Cheibriados
Dithmenos
Elyvilon
Fedhas
Gozag
Hepliaklqana
Kikubaaqudgha
Makhleb
Nemelex Xobeh
Okawaru
Qazlal
Ru
Sif Muna
Uskayaw
Vehumet
Wu Jian
Xom
Yredelemnul
Zin
The Shining One

Annotations:
D:3 Grinder


Innate Abilities, Weirdness & Mutations

You are resistant to torment.
Your stone body is resilient. (AC +5)
You are immune to poison.
You resist negative energy. (rN+)
You are resistant to electric shocks. (rElec)
You can survive without breathing.
You are immune to petrification.
You are immune to rotting.


Message History

The orc priest is almost dead.
The orc priest misses you.
Your leather armour prevents you from hitting the orc priest.
The orc priest is almost dead.
The orc priest hits you but does no damage.
The orc priest barely misses you.
You barely miss the orc priest.
The orc priest is almost dead.
The orc priest closely misses you.
You hit the orc priest but do no damage.
The orc priest is almost dead.
The orc priest closely misses you.
The orc priest calls down the wrath of Beogh upon you.
Beogh smites you!
* * * LOW HITPOINT WARNING * * *
You hit the orc priest but do no damage.
The orc priest is almost dead.
The orc priest mumbles some strange prayers to Beogh against you.
Beogh smites you!
You die...

#.# #..#
#......... #.#
#..# ##########
#.# #..#
#.###..#
#......#
#####.## #.#
#.#######
#..@oo[.#
#######.#
###'#####
#######.......#
#.....'...[...#
##.####.o.....#
#. #o#'##### <.
#.#.# ##. #.#.#


You could see an orc priest and an orc.

Vanquished Creatures
  An orc warrior (D:6)
  A sky beast (D:5)
  2 ogres (D:4)
  2 centaurs (D:5)
  Blork the orc (D:5)
  A scorpion (D:5)
  A jelly (D:4)
  A howler monkey (D:5)
  3 hounds (D:4)
  2 orc wizards
  3 orc priests
  Jessica (D:2)
  An iguana (D:4)
  4 gnolls (D:5)
  6 adders
  2 shadow imps (D:5)
  A white imp (D:5)
  An ooze (D:3)
  3 worms
  3 dart slugs
  5 leopard geckos
  13 orcs
  8 bats
  5 giant cockroaches
  6 goblins
  5 hobgoblins
  3 jackals (D:4)
  A quokka (D:4)
  7 frilled lizards
  8 kobolds
  A leopard gecko skeleton (D:4)
  A quokka skeleton (D:3)
  7 rats
110 creatures vanquished.

Vanquished Creatures (others)
  94 plants (D:5)
94 creatures vanquished.

Grand Total: 204 creatures vanquished

Notes
Turn   | Place    | Note
-------+----------+-------------------------------------------
     0 | D:1      | experimilk the Gargoyle Earth Elementalist began the quest
                  | for the Orb.
     0 | D:1      | Reached XP level 1. HP: 10/10 MP: 3/3
   171 | D:1      | Reached skill level 4 in Earth Magic
   201 | D:1      | Reached XP level 2. HP: 15/15 MP: 3/5
   227 | D:1      | Learned a level 2 spell: Passwall
   953 | D:2      | Reached skill level 1 in Maces & Flails
   953 | D:2      | Reached skill level 1 in Transmutations
   953 | D:2      | Reached XP level 3. HP: 10/19 MP: 1/6
  1120 | D:2      | Noticed Jessica
  1128 | D:2      | Killed Jessica
  1128 | D:2      | Reached XP level 4. HP: 24/24 MP: 0/7
  1256 | D:2      | Learned a level 3 spell: Stone Arrow
  1618 | D:2      | Reached skill level 5 in Earth Magic
  1618 | D:2      | Reached XP level 5. HP: 28/28 MP: 3/9
  2134 | D:3      | Reached skill level 1 in Conjurations
  2151 | D:3      | Noticed Grinder
  2929 | D:4      | Reached XP level 6. HP: 32/32 MP: 6/10
  2941 | D:4      | Learned a level 5 spell: Lee's Rapid Deconstruction
  3288 | D:4      | Upgraded the game from 0.26-a0-652-gafc20e3620 to
                  | 0.26-a0-658-gbdda728c12
  3321 | D:4      | Reached skill level 6 in Earth Magic
  3514 | D:4      | Reached XP level 7. HP: 36/36 MP: 2/12
  3734 | D:4      | Found a broken altar of Ashenzari.
  4057 | D:4      | Reached skill level 7 in Earth Magic
  4417 | D:5      | Entered Level 5 of the Dungeon
  4626 | D:5      | Noticed Blork the orc
  4702 | D:5      | Got a pair of ichor-stained gloves
  4706 | D:5      | Identified the cursed +0 pair of gloves of the Shoals {rC-
                  | Regen+ Int+2 Dex+5} (You found it on level 5 of the
                  | Dungeon)
  4707 | D:5      | Upgraded the game from 0.26-a0-658-gbdda728c12 to
                  | 0.26-a0-668-gd58323b419
  4719 | D:5      | Found a staircase to the Ecumenical Temple.
  4732 | Temple   | Entered the Ecumenical Temple
  4837 | Temple   | Became a worshipper of Vehumet
  5142 | D:5      | Found a sacrificial altar of Ru.
  5145 | D:5      | Found a hazy altar of Hepliaklqana.
  5276 | D:5      | Reached skill level 8 in Earth Magic
  5276 | D:5      | Reached XP level 8. HP: 22/41 MP: 1/14
  5543 | D:5      | Killed Blork the orc
  6211 | D:5      | Reached skill level 9 in Earth Magic
  6484 | D:6      | Got a vibrating bronze amulet
  6485 | D:6      | Identified the amulet of Fanaticism {Reflect +Inv rF+ MR+++
                  | Str-4 SH+5} (You found it on level 6 of the Dungeon)
  6622 | D:6      | Reached skill level 5 in Spellcasting
  6633 | D:6      | HP: 1/41 [orc priest/divine providence (16)]
  6634 | D:6      | Killed from afar by an orc priest

Illustrated notes

Levels and vault maps discovered:
D:1:      tarquinn_simple_flora_water_e, layout_rooms
D:2:      layout_loops_ring, minmay_tromino_mix6, uniq_jessica
D:3:      layout_loops_ring, uniq_grinder
D:4:      layout_rooms, evilmike_ruin_ashenzari
D:5:      layout_rooms, grunt_temple_overflow_open, minmay_temple_entry_trees,
          serial_bayou, serial_bayou_shore_a, serial_bayou_pond_a,
          serial_bayou_pond_d, serial_bayou_lagoon_a, serial_bayou_lake_a,
          uniq_blork_the_orc
D:6:      layout_basic, columned_hall_lemuel
Temple:   compressed_dpeg_circular_temple

Skill      XL: |  1  2  3  4  5  6  7  8 |
---------------+-------------------------+-----
Earth Magic    | 4 5 6 8 9 |  9.0
Maces & Flails | 1 2 |  2.4
Transmutations | 1 2 |  2.0
Conjurations   | 1 2 3 |  3.0
Spellcasting   | 3 4 5 |  5.3
Dodging        | |  1.5
Stealth        | |  2.1

Action                   |  1- 3 |  4- 6 |  7- 9 || total
-------------------------+-------+-------+-------++-------
Melee: Unarmed           |    22 |       |       ||    22
       Whip              |    19 |    26 |    68 ||   113
Throw: Stone             |     1 |       |       ||     1
 Cast: Sandblast         |    34 |    83 |    16 ||   133
       Stone Arrow       |       |       |    53 ||    53
       Lee's Rapid Decon |       |       |     2 ||     2
  Use: Scroll            |     3 |     1 |     3 ||     7
       Potion            |       |       |     4 ||     4
Armor: Leather armour    |    20 |    16 |    28 ||    64
Dodge: Dodged            |    32 |    30 |    63 ||   125
Block: Other             |       |       |     2 ||     2

Table legend: (Time is in decaauts)
 A = Elapsed time spent in this place.
 B = Non-inter-level travel time spent in this place.
 C = Inter-level travel time spent in this place.
 D = Time resting spent in this place.
 E = Time spent auto-exploring this place.
 F = Levels seen in this place.
 G = Mean time per level.
                   A        B        C        D        E       F      G
               +--------+--------+--------+--------+--------+-----+--------+
         Total |   6699 |   6551 |    148 |   2953 |   1065 |   7 |  957.0 |
       Dungeon |   6480 |   6332 |    148 |   2853 |    990 |   6 | 1080.0 |
        Temple |    218 |    218 |      0 |    100 |     75 |   1 |  218.0 |
               +--------+--------+--------+--------+--------+-----+--------+

Top non-repeatable levels by time:
     D:5: 1731 daAuts
     D:4: 1563 daAuts
     D:2: 1296 daAuts
     D:3: 807 daAuts
     D:1: 776 daAuts
     D:6: 306 daAuts
  Temple: 218 daAuts
